 Dungeon Crawl Stone Soup version 0.19.1 (webtiles) character file.

653 Host24 the Skirmisher (level 7, 0/48 HPs)
             Began as a Kobold Hunter on Dec 31, 2016.
             Slain by a big kobold
             ... wielding a +3 dagger of venom
              (8 damage)
             ... on level 4 of the Dungeon.
             The game lasted 00:08:14 (4980 turns).

Host24 the Skirmisher (Kobold Hunter)               Turns: 4980, Time: 00:08:15

Health: 0/48       AC:  7    Str: 10    XL:     7   Next: 84%
Magic:  7/7        EV: 18    Int: 12    God:
Gold:   201        SH:  0    Dex: 17    Spells: 0 memorised, 6 levels left

rFire  . . .     SeeInvis .     a - +1 hand crossbow
rCold  . . .     Gourm    .     y - +3 leather armour
rNeg   . . .     Faith    .     (shield restricted)
rPois  .         Spirit   .     k - +0 helmet
rElec  .         Reflect  .     (no cloak)
rCorr  .         Harm     .     (no gloves)
MR     .....                    (no boots)
Stlth  ++........               (no amulet)
                                (no ring)
                                (no ring)

@: lethally poisoned (0 -> -17)
A: carnivore 3
a: no special abilities


You were on level 4 of the Dungeon.
You were very full.

You visited 1 branch of the dungeon, and saw 4 of its levels.

You collected 201 gold pieces.

Inventory:

Hand Weapons
 a - a +1 hand crossbow (weapon)
 b - a +0 short sword
 t - a cursed +0 dagger
 A - a +0 blowgun
 B - a +2 flail of draining
Missiles
 c - 30 poisoned needles
 d - 22 bolts (quivered)
 g - 90 arrows
 j - 163 stones
 v - 45 sling bullets
 w - a throwing net
 C - 2 tomahawks
Armour
 k - a +0 helmet (worn)
 y - a +3 leather armour (worn)
 K - a +0 ring mail of cold resistance
Jewellery
 h - an uncursed ring of positive energy {unknown}
 l - a +4 ring of protection {unknown}
 q - a cursed amulet of inaccuracy {unknown}
 M - a cursed amulet of inaccuracy {unknown}
Scrolls
 i - 2 scrolls of teleportation {unknown}
 m - 3 scrolls of fog {unknown}
 n - a scroll of magic mapping {unknown}
 r - 2 scrolls of noise {unknown}
 s - a scroll of fear {unknown}
 u - 5 scrolls of identify {unknown}
 G - a scroll of amnesia {unknown}
 I - 2 scrolls of remove curse {unknown}
 J - a scroll of enchant weapon {unknown}
Potions
 e - a potion of mutation {unknown}
 x - a potion of lignification
 z - a potion of cure mutation {unknown}
 E - a potion of flight {unknown}
 F - a potion of brilliance {unknown}
 H - 2 potions of curing {unknown}
Books
 N - a book of Misfortune

   Spells                             Type                      Level
   a - Confusing Touch                Hexes                        1
   b - Confuse                        Hexes                        3
   c - Gell's Gravitas                Hexes/Translocation          3
   d - Petrify                        Transmutation/Earth          4
   e - Metabolic Englaciation         Hexes/Ice                    5
   f - Yara's Violent Unravelling     Hexes/Transmutation          5
Comestibles
 f - 2 meat rations
 o - 2 royal jellies
 p - 3 beef jerkies
 D - a slice of pizza


   Skills:
 - Level 7.0 Fighting
 - Level 5.0 Crossbows
 + Level 6.4 Dodging
 - Level 1.3 Stealth


You had 6 spell levels left.
You didn't know any spells.

Dungeon Overview and Level Annotations

Branches:
Dungeon (4/15)
 Temple: D:4-7

Altars:
Dithmenos
Kikubaaqudgha
Xom


Innate Abilities, Weirdness & Mutations

You are small and have problems with some larger weapons.
You are carnivorous and can eat meat at any time.


Message History

The big kobold misses you.
Firing (i - inventory. (,) - cycle):
d - 24 bolts (quivered)
Press: ? - help, Shift-Dir - straight line, f/p - big kobold
Aim: a big kobold, wielding a dagger of venom (almost dead)
You shoot a bolt.
The bolt hits the big kobold but does no damage.
The big kobold is almost dead.
You feel sick.
The big kobold hits you with a dagger of venom.
* * * LOW HITPOINT WARNING * * *
You are lethally poisoned!
Firing (i - inventory. (,) - cycle):
d - 23 bolts (quivered)
Press: ? - help, Shift-Dir - straight line, f/p - big kobold
Aim: a big kobold, wielding a dagger of venom (almost dead)
You shoot a bolt. The bolt hits the big kobold.
The big kobold is almost dead.
* * * LOW HITPOINT WARNING * * *
You feel sick.
The big kobold hits you with a dagger of venom!
You die...

#.#########...## #.##.##.####
#.# #.....##.###.##.##.# #.#
#.###)###.##.##.##.# #.# #.#
#[# #.....#.##.# #.#
#.###.###.##.#..##.# #.#
#.....##.##.###.##.# #.#
###<#[[.##.## ##.#.# #.#
#..[.<..## ##..# #.#
####@.########.#.≈≈≈≈ #.#
#..K###.....###≈≈≈≈≈≈
#.#######.#KK)K...(.)(######≈
#............K.#####.......##
#########.######≈≈≈###.......
#.# ≈≈≈≈≈≈≈######.. #.#
#≈≈≈≈≈≈≈≈ #.#####.≈≈≈..##
#.#.[........#


You could see 2 big kobolds.

Vanquished Creatures
  The ghost of Host24 the Skirmisher, an amateur KoHu (D:3)
  The ghost of Host24 the Ducker, an amateur KoHu (D:4)
  An orc priest (D:3)
  An orc wizard (D:4)
  A worker ant (D:4)
  Terence (D:3)
  A hound skeleton (D:4)
  4 gnolls (D:3)
  An adder (D:2)
  An ooze (D:3)
  2 worms
  A dart slug (D:2)
  2 leopard geckos (D:3)
  6 orcs
  6 giant cockroaches
  8 hobgoblins
  13 jackals
  2 quokkas
  2 ball pythons
  9 bats
  7 frilled lizards
  12 goblins
  17 kobolds
  12 rats
112 creatures vanquished.

Notes
Turn   | Place    | Note
-------+----------+-------------------------------------------
     0 | D:1      | Host24 the Kobold Hunter began the quest for the Orb.
     0 | D:1      | Reached XP level 1. HP: 12/12 MP: 1/1
   494 | D:1      | Reached XP level 2. HP: 17/18 MP: 2/2
   500 | D:1      | Reached skill level 3 in Fighting
  1033 | D:1      | Reached XP level 3. HP: 23/23 MP: 3/3
  1219 | D:2      | Reached skill level 5 in Crossbows
  1792 | D:2      | Reached XP level 4. HP: 27/29 MP: 4/4
  1844 | D:2      | Reached skill level 4 in Fighting
  1996 | D:2      | Found a shadowy altar of Dithmenos.
  2710 | D:3      | Reached XP level 5. HP: 30/34 MP: 5/5
  2711 | D:3      | Reached skill level 5 in Fighting
  2921 | D:3      | Noticed Host24's ghost (amateur KoHu)
  3066 | D:3      | Found an ancient bone altar of Kikubaaqudgha.
  3079 | D:3      | Killed Host24's ghost
  3079 | D:3      | Reached skill level 6 in Fighting
  3079 | D:3      | Reached XP level 6. HP: 30/42 MP: 6/6
  3411 | D:3      | Reached skill level 7 in Fighting
  3626 | D:3      | Reached XP level 7. HP: 47/48 MP: 7/7
  3679 | D:3      | Noticed Terence
  3689 | D:3      | Killed Terence
  3903 | D:4      | Noticed Host24's ghost (amateur KoHu)
  4184 | D:4      | Found a shimmering altar of Xom.
  4579 | D:4      | Reached skill level 5 in Dodging
  4716 | D:4      | Killed Host24's ghost
  4980 | D:4      | Slain by a big kobold

Skill      XL: |  1  2  3  4  5  6  7 |
---------------+----------------------+-----
Fighting       | 3 4 6 7 |  7.0
Dodging        | 3 6 |  6.4
Crossbows      | 5 |  5.0
Stealth        | |  1.3

Action                   |  1- 3 |  4- 6 |  7- 9 || total
-------------------------+-------+-------+-------++-------
Melee: Short sword       |   136 |   139 |   118 ||   393
 Fire: Hand crossbow     |     2 |    51 |    45 ||    98
  Use: Potion            |       |       |     1 ||     1
 Stab: Sleeping          |     5 |     1 |     1 ||     7
  Eat: Chunk             |    11 |     6 |     4 ||    21
Armor: Leather armour    |    30 |    50 |    25 ||   105
       Skin              |       |       |    17 ||    17
Dodge: Dodged            |   125 |   167 |   145 ||   437
